[Event "Titled Tuesday Blitz July 25 Early 2023"]
[White "Chitlange Sakshi"]
[Black "TomLiu777"]
[WhiteFideId "35002899"]
[WhiteElo "2479"]
[BlackElo "2355"]
[Result "0-1"]
[Round "4"]
[TimeControl "180+2"]
[Date "2023.07.25"]
[WhiteClock "0:00:05"]
[BlackClock "0:00:02"]
[Board "168"]

1. d4 Nf6 2. c4 c5 3. d5 e6 4. Nc3 exd5 5. cxd5 d6 6. Nf3 g6 7. Bf4 Bg7 8. e3 O-O 9. h3 Na6 10. Be2 Nc7 11. a4 a6 12. O-O Rb8 13. Rb1 b5 14. axb5 axb5 15. b4 Bf5 16. Rb3 c4 17. Ra3 Ne4 18. Nxe4 Bxe4 19. Ng5 Bxd5 20. e4 h6 21. exd5 hxg5 22. Be3 Ra8 23. Rxa8 Qxa8 24. Bxg5 Qxd5 25. Be7 Re8 26. Bxd6 Qxd1 27. Bxd1 Nd5 28. Bf3 Rd8 29. Bc5 Nf4 30. Bc6 Ne2+ 31. Kh1 Nc3 32. Re1 Rd2 33. Re8+ Kh7 34. Re7 Nd1 35. Rxf7 c3 36. Bf8 c2 37. Rxg7+ Kh8 38. Bd5 Rxd5 39. Rc7 Nc3 40. Bh6 Rd1+ 41. Kh2 c1=Q 42. Bxc1 Rxc1 43. h4 Ne2 44. Rb7 Nd4 45. Rd7 Rc4 46. g4 Rxb4 47. Kg3 Rc4 48. Kf4 Ne2+ 49. Kg5 Kg8 50. Kxg6 Rc6+ 51. Kf5 Rb6 52. h5 b4 53. g5 b3 54. g6 b2 55. Rd8+ Kg7 56. Rd7+ Kg8 57. Rd8+ Kg7 58. h6+ Kxh6 59. Rh8+ Kg7 60. Rh7+ Kg8 61. g7 Kxh7 0-1


[Site "https://www.chess.com"]

[Event "Titled Tuesday Blitz July 25 Early 2023"]
[White "Remolar Gallen, Jose"]
[Black "Smiechu"]
[WhiteFideId "2215187"]
[WhiteElo "2474"]
[BlackElo "2350"]
[Result "0-1"]
[Round "4"]
[TimeControl "180+2"]
[Date "2023.07.25"]
[WhiteClock "0:02:39"]
[BlackClock "0:02:23"]
[Board "169"]

1. e4 c5 2. Nf3 g6 3. d4 cxd4 4. Qxd4 Nf6 5. e5 Nc6 6. Qa4 Nd5 7. Qe4 Nb6 8. Bb5 Bg7 9. O-O O-O 10. Bf4 d5 11. exd6 Bf5 12. dxe7 Nxe7 13. Qb4 Ned5 0-1


[Site "https://www.chess.com"]

[Event "Titled Tuesday Blitz July 25 Early 2023"]
[White "Spichkin, Alexander"]
[Black "Rodriguez Santiago, Jaime"]
[WhiteFideId "4144074"]
[BlackFideId "3100898"]
[WhiteElo "2474"]
[BlackElo "2347"]
[Result "1-0"]
[Round "4"]
[TimeControl "180+2"]
[Date "2023.07.25"]
[WhiteClock "0:01:31"]
[BlackClock "0:00:12"]
[Board "170"]

1. f4 d5 2. Nf3 c5 3. e3 Nc6 4. Bb5 Qb6 5. a4 a6 6. a5 Qc7 7. Bxc6+ Qxc6 8. Ne5 Qc7 9. O-O Nf6 10. b3 g6 11. Bb2 Bg7 12. d3 O-O 13. Nd2 b5 14. axb6 Qxb6 15. Ndf3 Ng4 16. Qe1 Nxe5 17. Bxe5 f6 18. Bc3 Bb7 19. Ba5 Qc6 20. Ra4 e5 21. fxe5 fxe5 22. e4 d4 23. Qg3 Rae8 24. Rc4 Qb5 25. Bd2 a5 26. Ra1 Ra8 27. Nxe5 Qb6 28. Rca4 Qe6 29. Nf3 Rae8 30. Rxa5 Ba8 31. Rxc5 Bxe4 32. dxe4 Qxe4 33. Re1 Rxf3 34. Rxe4 Rxg3 35. Rxe8+ Kf7 36. hxg3 Kxe8 37. Rc7 Be5 38. Rxh7 Bxg3 1-0


[Site "https://www.chess.com"]

[Event "Titled Tuesday Blitz July 25 Early 2023"]
[White "MateoReyes"]
[Black "Ncatt"]
[WhiteElo "2473"]
[BlackElo "2343"]
[Result "1-0"]
[Round "4"]
[TimeControl "180+2"]
[Date "2023.07.25"]
[WhiteClock "0:00:34"]
[BlackClock "0:00:15"]
[Board "171"]

1. Nf3 Nf6 2. d4 d5 3. c4 c6 4. Nc3 e6 5. Bg5 Nbd7 6. e3 Qa5 7. Bxf6 Nxf6 8. Be2 Be7 9. O-O dxc4 10. Bxc4 b5 11. Be2 b4 12. Nb1 O-O 13. Nbd2 c5 14. Nc4 Qd8 15. Rc1 Bb7 16. Nfe5 Rc8 17. Bf3 Bxf3 18. Nxf3 Qd5 19. dxc5 Rxc5 20. Qxd5 Nxd5 21. Nce5 Rfc8 22. Rxc5 Rxc5 23. Nd4 g6 24. Nd3 Rc4 25. Rc1 Rxc1+ 26. Nxc1 Bf6 27. Nd3 a5 28. Nc6 a4 29. Ncxb4 Nxb4 30. Nxb4 Bxb2 31. Nd3 Ba3 32. Kf1 Kf8 33. Ke2 Ke7 34. Ne5 f6 35. Nc4 Bc5 36. Kd3 Kd7 37. Nd2 Kc6 38. Kc4 f5 39. Nb1 Bd6 40. h3 Bh2 41. f3 e5 42. e4 h5 43. Nc3 fxe4 44. fxe4 a3 45. Nb1 g5 46. Nxa3 g4 47. Nc2 Bf4 48. Nb4+ Kd6 49. Nd5 Ke6 50. a4 gxh3 51. gxh3 Kd6 52. Kb5 Bg3 53. a5 Bf2 54. Nb6 Kc7 55. Nd5+ Kb7 56. a6+ Ka7 57. Nb4 Bg3 58. Nc6+ Ka8 59. Kc5 Bf4 60. Kd5 Bg3 61. Nxe5 Ka7 62. Ng6 Kxa6 63. e5 Be1 64. e6 Bb4 65. e7 Bxe7 66. Nxe7 1-0


[Site "https://www.chess.com"]

[Event "Titled Tuesday Blitz July 25 Early 2023"]
[White "K2JW"]
[Black "Heinemann, Josefine"]
[BlackFideId "12900460"]
[WhiteElo "2337"]
[BlackElo "2470"]
[Result "1-0"]
[Round "4"]
[TimeControl "180+2"]
[Date "2023.07.25"]
[WhiteClock "0:00:07"]
[BlackClock "0:00:07"]
[Board "173"]

1. Nf3 d5 2. g3 g6 3. Bg2 Bg7 4. O-O e5 5. d3 Ne7 6. e4 Nbc6 7. exd5 Nxd5 8. Re1 O-O 9. Nbd2 Re8 10. c3 Bf5 11. Qc2 Nf6 12. Ne4 Nxe4 13. dxe4 Be6 14. Bg5 f6 15. Be3 Qe7 16. Nd2 Rad8 17. b4 a5 18. b5 Nb8 19. b6 Nc6 20. Rab1 cxb6 21. Bxb6 Rd7 22. Nb3 Bxb3 23. axb3 Bf8 24. Bh3 Rd6 25. Bc5 Red8 26. Bf1 Qc7 27. Bxd6 Bxd6 28. Rbd1 Kg7 29. Bc4 Bc5 30. Rxd8 Qxd8 31. Rd1 Qb6 32. Rd7+ Kh6 33. Qd2+ g5 34. h4 a4 35. hxg5+ fxg5 36. bxa4 Qb1+ 37. Bf1 Qxe4 38. Bg2 Qb1+ 39. Kh2 Qf5 40. Bxc6 bxc6 41. Kg2 e4 42. Rc7 Qf3+ 43. Kh2 e3 44. fxe3 Kg6 45. Qg2 Qxe3 46. Qxc6+ Kh5 47. Rxh7+ Kg4 48. Qd7+ Kf3 49. Rf7+ Ke2 50. Qg4+ Kd2 51. Qf3 Qg1+ 52. Kh3 Be3 53. Qg2+ Qxg2+ 54. Kxg2 Kxc3 55. Rf3 Kd4 56. Rxe3 Kxe3 57. a5 g4 58. a6 Kd4 59. a7 Kc4 60. a8=Q 1-0


[Site "https://www.chess.com"]

[Event "Titled Tuesday Blitz July 25 Early 2023"]
[White "Papayan, Oleg"]
[Black "Vujacic, Igor"]
[WhiteFideId "4193911"]
[BlackFideId "932620"]
[WhiteElo "2470"]
[BlackElo "2334"]
[Result "1-0"]
[Round "4"]
[TimeControl "180+2"]
[Date "2023.07.25"]
[WhiteClock "0:00:13"]
[BlackClock "0:00:04"]
[Board "174"]

1. e4 c5 2. d4 cxd4 3. Qxd4 Nc6 4. Qd3 Nf6 5. Nc3 g6 6. Nf3 d6 7. Be2 Bg7 8. O-O O-O 9. Nd5 Nd7 10. c3 Nc5 11. Qc2 h6 12. Be3 f5 13. exf5 Bxf5 14. Qd2 Kh7 15. Rad1 e6 16. Nf4 Ne4 17. Qc1 g5 18. Nd3 Qf6 19. Nd4 Bg6 20. Nxc6 bxc6 21. Bf3 e5 22. Rfe1 d5 23. Nc5 Nxc5 24. Bxc5 Rf7 25. Qd2 h5 26. Be3 g4 27. Be2 Rd8 28. Rf1 Rdd7 29. Bg5 Qe6 30. f3 gxf3 31. Bxf3 e4 32. Be2 c5 33. Rxf7 Bxf7 34. Qf4 d4 35. Bc4 Qxc4 36. Qf5+ Bg6 37. Qxd7 dxc3 38. Bf6 Qf7 39. Qxf7 Bxf7 40. Bxg7 Kxg7 41. bxc3 Bxa2 42. Rd7+ Kf6 43. Rxa7 e3 44. Kf1 Bc4+ 45. Ke1 Bd5 46. g3 Bf3 47. Rc7 Ke5 48. Rxc5+ Ke4 49. Rc8 Kd3 50. c4 Kd4 51. c5 Kd5 52. Rf8 Bg4 53. Re8 e2 54. Rxe2 Bxe2 55. Kxe2 Kxc5 56. Ke3 Kd5 57. Kf4 h4 58. g4 Ke6 59. Kg5 h3 60. Kh4 Ke5 61. Kxh3 Kf4 1-0


[Site "https://www.chess.com"]

[Event "Titled Tuesday Blitz July 25 Early 2023"]
[White "Buscar, Michael"]
[Black "UNSTOPPABLE_LEGEND"]
[WhiteFideId "2603616"]
[WhiteElo "2331"]
[BlackElo "2470"]
[Result "0-1"]
[Round "4"]
[TimeControl "180+2"]
[Date "2023.07.25"]
[WhiteClock "0:00:05"]
[BlackClock "0:01:46"]
[Board "175"]

1. d4 g6 2. Nf3 Bg7 3. g3 d6 4. Bg2 Nf6 5. O-O O-O 6. c4 Nc6 7. d5 Na5 8. Nbd2 c5 9. dxc6 Nxc6 10. Nb3 e5 11. Bg5 Be6 12. Rc1 h6 13. Bd2 Rc8 14. Qe1 b6 15. Bb4 Nxb4 16. Qxb4 Qc7 17. Rfd1 Rfd8 18. Nbd2 Qb8 19. b3 d5 20. cxd5 Nxd5 21. Qa3 Nc3 22. Re1 e4 0-1


[Site "https://www.chess.com"]

[Event "Titled Tuesday Blitz July 25 Early 2023"]
[White "Prydun, Andriy"]
[Black "Tifferet, Shaked"]
[WhiteFideId "14145898"]
[BlackFideId "2811529"]
[WhiteElo "2328"]
[BlackElo "2468"]
[Result "0-1"]
[Round "4"]
[TimeControl "180+2"]
[Date "2023.07.25"]
[WhiteClock "0:00:07"]
[BlackClock "0:00:07"]
[Board "176"]

1. d4 d5 2. Nf3 c6 3. Bf4 Nf6 4. e3 g6 5. h3 Bg7 6. Bd3 O-O 7. Nbd2 Nbd7 8. c3 a5 9. O-O a4 10. e4 dxe4 11. Nxe4 Nxe4 12. Bxe4 a3 13. bxa3 Rxa3 14. Qc1 Qa5 15. Bd2 Qa6 16. Bd3 b5 17. d5 Bb7 18. dxc6 Bxc6 19. Re1 Rxa2 20. Rxa2 Qxa2 21. Rxe7 Nc5 22. Be2 Bxf3 23. Bxb5 Nb3 24. Bc4 Qxd2 25. Qa3 Qc1+ 26. Qxc1 Nxc1 27. gxf3 Bxc3 28. Kf1 Kg7 29. Rd7 Kf6 30. Rd1 Bb2 31. Rd7 h5 32. Ke1 Rc8 33. Rxf7+ Ke5 34. Bb5 Rc2 35. f4+ Ke6 36. Rb7 Na2 37. Be8 Kf5 38. Rb5+ Kxf4 39. Bxg6 Rc1+ 40. Kd2 Bc3+ 41. Ke2 Ra1 42. Rf5+ Ke4 43. Rxh5+ Kd4 44. Rh4+ Kc5 45. Ra4 Nc1+ 0-1


[Site "https://www.chess.com"]

[Event "Titled Tuesday Blitz July 25 Early 2023"]
[White "Osinovsky, Stepan"]
[Black "Ladan, Nicholas"]
[WhiteFideId "4157354"]
[BlackFideId "30918855"]
[WhiteElo "2323"]
[BlackElo "2467"]
[Result "1-0"]
[Round "4"]
[TimeControl "180+2"]
[Date "2023.07.25"]
[WhiteClock "0:00:21"]
[BlackClock "0:00:06"]
[Board "177"]

1. Nf3 d5 2. g3 Bg4 3. Bg2 e6 4. O-O Nd7 5. b3 a5 6. a3 a4 7. b4 c5 8. c4 dxc4 9. Qc2 b5 10. Nc3 cxb4 11. Nxb5 b3 12. Qxc4 Bxf3 13. Nc7+ Qxc7 14. Qxc7 Bxg2 15. Kxg2 Bc5 16. d4 Bb6 17. Qc6 Ra7 18. Qc8+ Ke7 19. Bf4 Bxd4 20. Rad1 e5 21. Be3 Nb6 22. Qb8 Nd7 23. Qb4+ Ke8 24. Bxd4 exd4 25. Qxd4 Rc7 26. Qxg7 Ndf6 27. Qxh8 Kf8 28. Rd8+ Ke7 29. Rxg8 Nxg8 30. Qxg8 b2 31. Qg5+ Kf8 32. Qb5 Rc2 33. Qb4+ Kg7 34. Rb1 h5 35. Rxb2 Rc1 36. Qd4+ Kg8 37. Rb8+ Kh7 38. Rh8+ Kg6 39. Rg8+ Kh7 40. Qg7# 1-0


[Site "https://www.chess.com"]

[Event "Titled Tuesday Blitz July 25 Early 2023"]
[White "Kopczynski, Michal"]
[Black "SicilianPanzer"]
[WhiteFideId "1124200"]
[WhiteElo "2466"]
[BlackElo "2322"]
[Result "1-0"]
[Round "4"]
[TimeControl "180+2"]
[Date "2023.07.25"]
[WhiteClock "0:00:56"]
[BlackClock "0:00:05"]
[Board "178"]

1. e4 c5 2. d4 cxd4 3. c3 dxc3 4. Nxc3 Nc6 5. f4 e6 6. Nf3 Bc5 7. Bd3 Nge7 8. e5 d6 9. Ne4 Bb4+ 10. Bd2 dxe5 11. Bxb4 Nxb4 12. Bb5+ Nec6 13. Nd6+ Ke7 14. fxe5 f6 15. O-O Qb6+ 16. Kh1 Rd8 17. a4 Nxe5 18. Nxc8+ Raxc8 19. Qb3 Nbc6 20. a5 Qc5 21. Rac1 Nd4 22. Qe3 Qxb5 23. Nxd4 Qxb2 24. Rxc8 Rxc8 25. h3 Qc3 26. Qe4 Qc7 27. Qxh7 Kf7 28. Qh5+ Ke7 29. Qh7 Kf8 30. Nxe6+ 1-0


[Site "https://www.chess.com"]

[Event "Titled Tuesday Blitz July 25 Early 2023"]
[White "ExchangeAB"]
[Black "Tsyhanchuk, Stanislav"]
[BlackFideId "13505130"]
[WhiteElo "2463"]
[BlackElo "2319"]
[Result "1/2-1/2"]
[Round "4"]
[TimeControl "180+2"]
[Date "2023.07.25"]
[WhiteClock "0:00:31"]
[BlackClock "0:00:18"]
[Board "179"]

1. d4 Nf6 2. Nc3 d5 3. Bf4 a6 4. e3 e6 5. Nf3 c5 6. Ne5 Nc6 7. Be2 Bd6 8. O-O O-O 9. Na4 cxd4 10. exd4 Qc7 11. c4 Nxe5 12. dxe5 Bxe5 13. Bxe5 Qxe5 14. cxd5 Nxd5 15. Bf3 Bd7 16. Bxd5 Bxa4 17. Qxa4 Qxd5 18. Rfd1 Qe5 19. Qb3 b5 20. g3 Rfd8 21. a4 Rxd1+ 22. Rxd1 bxa4 23. Qxa4 h5 24. b4 Qb5 25. Qa5 Kh7 26. Rd6 Rb8 27. Rxa6 Qxb4 28. Qxb4 Rxb4 29. h4 Kg6 30. Kg2 Kf5 31. Ra5+ e5 32. Ra7 Kg6 33. Ra5 f6 34. Ra8 Kf5 35. Kf3 Rb3+ 36. Kg2 Rb6 37. Re8 g6 38. Rg8 Ra6 39. Re8 e4 40. Re7 Re6 41. Ra7 Kg4 42. Ra4 Kf5 43. Ra5+ Re5 44. Ra4 Rb5 45. Ra8 Re5 46. Ra4 g5 47. hxg5 fxg5 48. Rb4 e3 49. fxe3 Rxe3 50. Kf2 Re4 51. Rb2 Rc4 52. Kg2 Kg4 53. Ra2 h4 54. gxh4 Kxh4 55. Kg1 Kg3 56. Ra1 g4 57. Rb1 Rc3 58. Ra1 Kf3 59. Rb1 g3 60. Ra1 g2 61. Rb1 Kg3 62. Ra1 Rd3 63. Rb1 Rc3 64. Ra1 Rf3 65. Rb1 Re3 66. Ra1 Rf3 67. Rb1 Re3 68. Ra1 Rf3 1/2-1/2


[Site "https://www.chess.com"]

[Event "Titled Tuesday Blitz July 25 Early 2023"]
[White "Ljukin, Sergei"]
[Black "arturdailima"]
[WhiteFideId "14102200"]
[WhiteElo "2457"]
[BlackElo "2309"]
[Result "0-1"]
[Round "4"]
[TimeControl "180+2"]
[Date "2023.07.25"]
[WhiteClock "0:00:01"]
[BlackClock "0:00:37"]
[Board "180"]

1. e4 c5 2. Nf3 e6 3. d4 cxd4 4. Nxd4 Nc6 5. Nc3 Qc7 6. Be3 a6 7. Qd2 Nf6 8. f3 Bb4 9. O-O-O O-O 10. a3 Ba5 11. Nb3 Bxc3 12. Qxc3 d5 13. Bg5 dxe4 14. Bxf6 Qf4+ 15. Kb1 Qxf6 16. Qxf6 gxf6 17. fxe4 Ne5 18. Be2 Bd7 19. Bf3 Rfd8 20. Nd4 Kg7 21. b3 b5 22. Rd2 Rac8 23. Rhd1 Rc7 24. Be2 Rdc8 25. Rc1 Bc6 26. Bf3 Rd7 27. Rcd1 Rcd8 28. Nxc6 Rxd2 29. Nxd8 Nxf3 30. Kc1 Rxg2 31. Rd7 Ne5 32. Ra7 f5 33. Nxe6+ Kf6 34. Nf4 Rg1+ 35. Kd2 fxe4 36. Rxa6+ Kf5 37. Nd5 Rg2+ 38. Kc3 Ng4 39. Rf6+ Nxf6 40. Ne3+ Kf4 41. Nxg2+ Kf3 42. Nh4+ Kf2 0-1


[Site "https://www.chess.com"]

[Event "Titled Tuesday Blitz July 25 Early 2023"]
[White "Cooper, Aaron"]
[Black "Pasti, Aron"]
[WhiteFideId "2634945"]
[BlackFideId "785857"]
[WhiteElo "2304"]
[BlackElo "2456"]
[Result "0-1"]
[Round "4"]
[TimeControl "180+2"]
[Date "2023.07.25"]
[WhiteClock "0:00:02"]
[BlackClock "0:00:13"]
[Board "181"]

1. b4 e5 2. Bb2 d6 3. e3 Nf6 4. c4 Be7 5. Nc3 Be6 6. d4 Nbd7 7. Nf3 Bg4 8. h3 Bh5 9. Be2 e4 10. Nd2 Bg6 11. Qc2 c6 12. Ncxe4 Nxe4 13. Nxe4 d5 14. cxd5 cxd5 15. Bd3 dxe4 16. Bxe4 Bxb4+ 17. Ke2 Rc8 18. Qd3 O-O 19. Bxg6 hxg6 20. h4 Qf6 21. Rab1 Qf5 22. e4 Qg4+ 23. Kf1 Rfd8 24. f3 Qg3 25. Rh3 Qf4 26. Rd1 Ne5 27. Qb3 Nc4 28. Qxb4 Ne3+ 29. Ke2 Nxd1 30. Kxd1 Qe3 31. d5 Qg1+ 32. Qe1 Qxe1+ 33. Kxe1 Rc2 34. Bd4 Rxa2 35. h5 Rc8 36. Be3 Rcc2 37. hxg6 Re2+ 38. Kf1 Rxe3 39. gxf7+ Kxf7 40. Rh5 Rb3 41. Rf5+ Kg6 42. d6 Rb1# 0-1


[Site "https://www.chess.com"]

[Event "Titled Tuesday Blitz July 25 Early 2023"]
[White "Rakitic2010"]
[Black "rionelG"]
[WhiteElo "2455"]
[BlackElo "2293"]
[Result "0-1"]
[Round "4"]
[TimeControl "180+2"]
[Date "2023.07.25"]
[WhiteClock "0:00:03"]
[BlackClock "0:00:06"]
[Board "182"]

1. e4 c5 2. Nf3 d6 3. c3 Nf6 4. Be2 Nbd7 5. Qc2 Qc7 6. O-O b6 7. Na3 Bb7 8. d3 a6 9. Nc4 b5 10. Ne3 g6 11. a4 Bg7 12. Bd2 O-O 13. h4 Ne5 14. Nxe5 dxe5 15. h5 e6 16. c4 bxc4 17. dxc4 Bxe4 18. Qc3 Nxh5 19. Bxh5 gxh5 20. Rae1 Bg6 21. Qa3 Rfd8 22. Rd1 Rd3 23. b3 Rad8 24. Qc1 Qb7 25. Ba5 R8d7 26. b4 cxb4 27. c5 Qc6 28. Rxd3 Bxd3 29. Rd1 b3 30. Qc3 e4 31. Qxb3 Qxc5 32. Qb8+ Qf8 33. Qg3 Qd6 34. Qh4 Qe5 35. Bd8 f5 36. Rc1 f4 37. Rc8 Bf8 38. Be7 Rxe7 39. Qxe7 Qg7 40. Qxe6+ Qf7 41. Qg4+ Kh8 42. Nd5 hxg4 43. Rd8 e3 44. fxe3 fxe3 45. Nxe3 Be2 46. Kh2 Kg7 47. Kg3 Be7 48. Rd4 Qf6 49. Kh2 Qe5+ 50. Kh1 Bc5 51. Rd7+ Kg6 52. Rd5 Qxe3 53. Kh2 Qf4+ 54. Kh1 g3 55. Rd6+ Bxd6 56. a5 Qf1# 0-1


[Site "https://www.chess.com"]

[Event "Titled Tuesday Blitz July 25 Early 2023"]
[White "AndresDelgado77"]
[Black "Lopez, Henry"]
[BlackFideId "5203830"]
[WhiteElo "2292"]
[BlackElo "2453"]
[Result "0-1"]
[Round "4"]
[TimeControl "180+2"]
[Date "2023.07.25"]
[WhiteClock "0:00:03"]
[BlackClock "0:01:23"]
[Board "183"]

1. e4 c5 2. Nf3 d6 3. d4 cxd4 4. Qxd4 a6 5. Bg5 Nc6 6. Qd2 h6 7. Bh4 g5 8. Bg3 Bg7 9. Nc3 Nf6 10. Rd1 Nh5 11. Be2 O-O 12. Nxg5 Nxg3 13. hxg3 hxg5 14. Qxg5 e6 15. Qh5 Re8 16. e5 Nxe5 17. Ne4 d5 18. Ng5 Qf6 19. Bd3 Nxd3+ 20. Rxd3 Qg6 21. Qh4 Bd7 22. Rf3 f6 23. Nh3 e5 24. Qb4 Qe4+ 25. Qxe4 dxe4 26. Re3 Bc6 27. g4 Rad8 28. Ng1 Kf7 29. Ne2 Kg6 30. Ng3 Bh6 31. Re2 e3 32. fxe3 e4 33. Nf5 Bg5 34. b3 Bd7 35. Nd6 Rh8 36. Rxh8 Rxh8 37. Nxe4 Bxg4 38. Rd2 Bxe3 0-1


[Site "https://www.chess.com"]

[Event "Titled Tuesday Blitz July 25 Early 2023"]
[White "Tanmay Jain"]
[Black "laimis61"]
[WhiteFideId "45015481"]
[WhiteElo "2451"]
[BlackElo "2291"]
[Result "1-0"]
[Round "4"]
[TimeControl "180+2"]
[Date "2023.07.25"]
[WhiteClock "0:00:58"]
[BlackClock "0:00:29"]
[Board "184"]

1. d4 d5 2. Nf3 Nf6 3. g3 e6 4. Bg2 a6 5. O-O b5 6. c3 Bb7 7. Nbd2 Nbd7 8. a4 Be7 9. b4 O-O 10. Re1 Bd6 11. e4 dxe4 12. Ng5 bxa4 13. Ngxe4 Nxe4 14. Nxe4 Nb6 15. Bg5 Qc8 16. Nf6+ gxf6 17. Bxf6 Rd8 18. Qg4+ Kf8 19. Qg7+ Ke8 20. Qg8+ Bf8 21. Bxb7 Qxb7 22. Rxe6+ Kd7 23. Qxf7+ Kc8 24. Bxd8 Bd6 25. Re8 Qd5 26. Qxd5 Nxd5 27. Bxc7+ Kxc7 28. Rxa8 Nxc3 29. Rxa6 Bxb4 30. R6xa4 Nxa4 31. Rxa4 1-0


[Site "https://www.chess.com"]

[Event "Titled Tuesday Blitz July 25 Early 2023"]
[White "Zaksaite, Salomeja"]
[Black "Navalgund, Niranjan"]
[WhiteFideId "12801496"]
[BlackFideId "5030854"]
[WhiteElo "2285"]
[BlackElo "2449"]
[Result "1-0"]
[Round "4"]
[TimeControl "180+2"]
[Date "2023.07.25"]
[WhiteClock "0:00:04"]
[BlackClock "0:01:56"]
[Board "185"]

1. e4 e5 2. Nf3 Nf6 3. Nc3 Nc6 4. Bb5 Ne7 5. Nxe5 c6 6. Bc4 d5 7. exd5 cxd5 8. Bb5+ Nc6 9. Nxc6 bxc6 10. Bxc6+ Bd7 11. Bxa8 Qxa8 12. O-O Bd6 13. Re1+ Kd8 14. d4 h6 15. h3 Qc8 16. Qf3 h5 17. Bg5 Be6 18. Nxd5 Kd7 19. Nxf6+ gxf6 20. d5 fxg5 21. dxe6+ fxe6 22. Qf7+ Kc6 23. Qxe6 Qxe6 24. Rxe6 Kd7 25. Rg6 Be7 26. Rd1+ Ke8 27. Re1 Kf7 28. Rc6 Bf6 29. b3 Rd8 30. Rc7+ Kg6 31. Re2 g4 32. hxg4 hxg4 33. g3 a5 34. Rc6 Kf5 35. Rc5+ Kg6 36. Rxa5 Rd1+ 37. Kg2 Bc3 38. Rc5 Bb4 39. Rc6+ Kf7 40. c3 Bf8 41. a4 Rb1 42. b4 Rb3 43. a5 Ra3 44. a6 Bg7 45. b5 Bxc3 46. Rxc3 Rxc3 47. Ra2 Ke6 48. a7 Rc6 49. bxc6 Kd6 50. a8=Q Kc5 51. c7 Kd6 52. c8=Q Ke5 53. Qa5+ Kf6 54. Qcd8+ Ke6 55. Qab6+ Ke5 56. Qdd6+ Kf5 57. Qbc5+ Ke4 58. Qdd4# 1-0


[Site "https://www.chess.com"]

[Event "Titled Tuesday Blitz July 25 Early 2023"]
[White "Chemin, Justo Reinaldo"]
[Black "Liu, Casper"]
[WhiteFideId "2101580"]
[BlackFideId "1454153"]
[WhiteElo "2265"]
[BlackElo "2448"]
[Result "0-1"]
[Round "4"]
[TimeControl "180+2"]
[Date "2023.07.25"]
[WhiteClock "0:01:17"]
[BlackClock "0:01:53"]
[Board "186"]

1. e4 c5 2. Nf3 d6 3. d4 Nf6 4. Nc3 cxd4 5. Nxd4 Nc6 6. f3 e5 7. Nb3 Be7 8. Be3 Be6 9. Qd2 d5 10. exd5 Nxd5 11. Nxd5 Qxd5 12. Qxd5 Bxd5 13. O-O-O O-O-O 14. Be2 Kb8 15. Rd2 Nb4 16. a3 Nxc2 17. Kxc2 Rc8+ 18. Kb1 Bxb3 19. Rd7 Bf6 20. Bd1 Be6 21. Rd6 Bf5+ 22. Ka2 Be6+ 23. Bb3 Bxb3+ 24. Kxb3 Rhd8 25. Rhd1 Rxd6 26. Rxd6 Rd8 27. Rxd8+ Bxd8 28. Kc4 Bb6 29. Kd5 Bxe3 30. Kxe5 Bc1 0-1


[Site "https://www.chess.com"]

[Event "Titled Tuesday Blitz July 25 Early 2023"]
[White "Avazkhonov, Alikhon"]
[Black "Doluhanova, Evgeniya"]
[WhiteFideId "14208504"]
[BlackFideId "14112035"]
[WhiteElo "2447"]
[BlackElo "2263"]
[Result "1-0"]
[Round "4"]
[TimeControl "180+2"]
[Date "2023.07.25"]
[WhiteClock "0:02:30"]
[BlackClock "0:00:25"]
[Board "187"]

1. d4 Nf6 2. c4 e6 3. Nc3 Bb4 4. e3 O-O 5. Bd2 b6 6. Nf3 Bb7 7. Bd3 c5 8. a3 Bxc3 9. Bxc3 Ne4 10. Bxe4 Bxe4 11. dxc5 bxc5 12. Qd6 Bxf3 13. gxf3 Qb6 14. Qg3 f6 15. Rg1 g6 16. Qf4 e5 17. Qe4 Qc6 18. Rxg6+ hxg6 19. Qxg6+ Kh8 20. O-O-O Qxf3 21. Rg1 1-0


[Site "https://www.chess.com"]

[Event "Titled Tuesday Blitz July 25 Early 2023"]
[White "whiteglovethief"]
[Black "Jahnz, Fabian"]
[BlackFideId "4653300"]
[WhiteElo "2447"]
[BlackElo "2262"]
[Result "1-0"]
[Round "4"]
[TimeControl "180+2"]
[Date "2023.07.25"]
[WhiteClock "0:01:31"]
[BlackClock "0:01:59"]
[Board "188"]

1. Nf3 d5 2. d4 Bf5 3. c4 c6 4. e3 e6 5. Nc3 Nf6 6. Bd3 Bxd3 7. Qxd3 Nbd7 8. O-O dxc4 9. Qxc4 Nb6 10. Qe2 Be7 11. e4 O-O 12. e5 Nfd5 13. Ne4 c5 14. dxc5 Nd7 15. Be3 Rc8 16. Rac1 Qc7 17. Nd6 Rcd8 18. a3 Nxe3 19. Qxe3 b6 20. Nb5 Qb8 21. c6 Nc5 22. c7 Qb7 23. cxd8=Q Rxd8 24. b4 Na4 25. Rc7 Qa6 26. Rxe7 Qxb5 27. Qf4 Rf8 28. Ng5 f6 29. Nxe6 Nc3 30. Rxg7+ Kh8 31. Qh6 Ne2+ 32. Kh1 Ng3+ 33. hxg3 Qxf1+ 34. Kh2 Qb1 35. Nxf8 1-0


[Site "https://www.chess.com"]

[Event "Titled Tuesday Blitz July 25 Early 2023"]
[White "Devaev, Alexander"]
[Black "Xavier_mompel"]
[WhiteFideId "4169395"]
[WhiteElo "2444"]
[BlackElo "2261"]
[Result "1-0"]
[Round "4"]
[TimeControl "180+2"]
[Date "2023.07.25"]
[WhiteClock "0:01:12"]
[BlackClock "0:00:03"]
[Board "189"]

1. d4 d5 2. c4 c6 3. Nc3 Nf6 4. Nf3 e6 5. e3 Nbd7 6. Qc2 Bd6 7. Bd3 dxc4 8. Bxc4 b5 9. Bd3 Bb7 10. O-O a6 11. e4 e5 12. dxe5 Nxe5 13. Nxe5 Bxe5 14. f4 Bd4+ 15. Kh1 Bxc3 16. bxc3 h6 17. Ba3 Qb6 18. Bd6 c5 19. e5 Nd5 20. Rae1 Ne7 21. f5 Qc6 22. Be4 Qd7 23. Bxb7 Qxb7 24. f6 Nc6 25. fxg7 Rg8 26. e6 O-O-O 27. exf7 Rxg7 28. f8=Q Rxf8 29. Bxf8 1-0


[Site "https://www.chess.com"]

[Event "Titled Tuesday Blitz July 25 Early 2023"]
[White "Ai, Evan"]
[Black "Gardezi, Arsal"]
[WhiteFideId "2094770"]
[BlackFideId "30949521"]
[WhiteElo "2442"]
[BlackElo "2247"]
[Result "0-1"]
[Round "4"]
[TimeControl "180+2"]
[Date "2023.07.25"]
[WhiteClock "0:00:07"]
[BlackClock "0:00:31"]
[Board "190"]

1. e4 e6 2. d4 d5 3. Nd2 Nc6 4. Ngf3 Nf6 5. e5 Nd7 6. c3 f6 7. exf6 Nxf6 8. Bb5 Bd6 9. Qe2 O-O 10. Bxc6 bxc6 11. Ne5 c5 12. Ndf3 cxd4 13. cxd4 c5 14. O-O cxd4 15. Nxd4 Ne4 16. f4 Qc7 17. Ndf3 Bc5+ 18. Be3 Qb6 19. Bxc5 Qxc5+ 20. Kh1 Rxf4 21. Nd3 Ba6 22. Nfe5 Rh4 23. Qf3 Qe7 24. g3 Rh6 25. Ng4 Rg6 26. Nde5 Rg5 27. Rfe1 h5 28. Rxe4 dxe4 29. Qxe4 Bb7 30. Nc6 Qd6 31. Nge5 Rxe5 0-1


[Site "https://www.chess.com"]

[Event "Titled Tuesday Blitz July 25 Early 2023"]
[White "Garagulya, Konstantin"]
[Black "Kiseleva, Arina"]
[WhiteFideId "4128931"]
[BlackFideId "4164989"]
[WhiteElo "2442"]
[BlackElo "2212"]
[Result "1-0"]
[Round "4"]
[TimeControl "180+2"]
[Date "2023.07.25"]
[WhiteClock "0:00:07"]
[BlackClock "0:00:01"]
[Board "191"]

1. d4 Nf6 2. Nf3 e6 3. Bg5 h6 4. Bh4 c5 5. Nbd2 cxd4 6. Nxd4 Nc6 7. Nxc6 bxc6 8. c4 d5 9. e3 Be7 10. Qc2 O-O 11. Be2 a5 12. O-O Ba6 13. Rfd1 Qb6 14. e4 Rfe8 15. Bg3 Rac8 16. Rac1 Qb7 17. h3 Red8 18. Bf3 Qb6 19. Rb1 d4 20. e5 Nd7 21. Ne4 c5 22. Rd3 Qc7 23. Ra3 Nxe5 24. Bxe5 Qxe5 25. Rxa5 d3 26. Qb3 Ra8 27. Rd1 Bxc4 28. Qa4 Rxa5 29. Qxa5 Bd5 30. Nd2 Bxf3 31. Nxf3 Qd5 32. b3 e5 33. Nd2 e4 34. Qa4 f5 35. Qc4 Qxc4 36. Nxc4 Ra8 37. a4 Rb8 38. Rb1 Bg5 39. Kf1 Kf7 40. a5 Ke6 41. a6 Ra8 42. Ra1 Ra7 43. Ke1 Kd5 44. Nb6+ Kd4 45. Nc8 Ra8 46. Nb6 Ra7 47. Nc8 Ra8 48. a7 Rxc8 49. a8=Q Rxa8 50. Rxa8 Kc3 51. Rc8 d2+ 52. Kd1 Kb4 53. Rf8 g6 54. Rb8+ Kc3 55. Rb6 c4 56. bxc4 Kxc4 57. Rxg6 e3 58. fxe3 Bxe3 59. Re6 Kd4 60. Rf6 Ke4 61. Ke2 Bf4 62. Re6+ Kd5 63. Re8 Bg5 64. g3 Kd4 65. h4 1-0


[Site "https://www.chess.com"]